[ AOE2 MATCH · #475040807 ]
Team RMDravidians vs Burgundians
[ REPLAY ANALYSIS · EXTRACTED FROM THE RECORDED GAME ]
Feudal
—
Castle
—
Imperial
—
| APM avg | 12.6 |
| APM peak | 18 |
| eAPM avg | 7.3 |
| Villagers / military | 23 / 0 |
Focus
⚔️ 12.5% · 🌾 87.5%
Feudal
—
Castle
—
Imperial
—
| APM avg | 20.3 |
| APM peak | 33 |
| eAPM avg | 13.0 |
| Villagers / military | 21 / 0 |
Focus
⚔️ 14.3% · 🌾 85.7%
Feudal
—
Castle
—
Imperial
—
| APM avg | 20.2 |
| APM peak | 30 |
| eAPM avg | 11.4 |
| Villagers / military | 26 / 0 |
Focus
⚔️ 10.5% · 🌾 89.5%
Feudal
—
Castle
—
Imperial
—
| APM avg | 16.2 |
| APM peak | 31 |
| eAPM avg | 10.5 |
| Villagers / military | 25 / 0 |
Focus
⚔️ 4.4% · 🌾 95.6%
Match map
Resources at game start + every placement click. Thick line = wall · dashed box = detected house wall. 🟡 gold · ⚪ stone · 🟢 berries · 🔶 boar · ⭕ relic
Inputs per minute
— Lord Bendtner - - JebusLorenzo
Build order — Lord Bendtner
26 actions detected in the replay
| 0:01 | Create | Villager (Male) ×4 |
| 0:04 | Build | House |
| 0:05 | Build | House |
| 1:33 | Research | Loom |
| 1:33 | Create | Villager (Male) |
| 1:51 | Create | Villager (Male) |
| 2:04 | Research | Loom |
| 2:24 | Create | Villager (Male) |
| 2:59 | Create | Villager (Male) |
| 3:00 | Create | Villager (Male) |
| 3:35 | Build | Palisade Wall |
| 3:40 | Build | Building 800 |
| 3:51 | Create | Villager (Male) |
| 3:51 | Create | Villager (Male) |
| 3:51 | Create | Villager (Male) |
| 3:52 | Create | Villager (Male) |
| 4:22 | Create | Villager (Male) |
| 4:57 | Build | House |
| 5:20 | Create | Villager (Male) ×3 |
| 5:45 | Build | House |
| 5:56 | Create | Villager (Male) ×2 |
| 6:29 | Create | Villager (Male) ×2 |
| 7:07 | Build | Palisade Gate |
| 7:12 | Build | Palisade Wall |
| 7:14 | Build | Palisade Wall |
| 7:29 | Create | Villager (Male) ×2 |
Build order — JebusLorenzo
32 actions detected in the replay
| 0:03 | Research | Loom |
| 0:05 | Create | Villager (Male) |
| 0:05 | Create | Villager (Male) |
| 0:05 | Create | Villager (Male) |
| 0:05 | Create | Villager (Male) |
| 0:06 | Create | Villager (Male) |
| 0:07 | Build | House |
| 0:47 | Build | House |
| 0:50 | Build | House |
| 0:55 | Build | Palisade Wall |
| 0:56 | Build | Palisade Wall |
| 0:59 | Build | Palisade Wall |
| 2:01 | Create | Villager (Male) |
| 2:01 | Create | Villager (Male) |
| 2:40 | Create | Villager (Male) |
| 2:40 | Create | Villager (Male) |
| 2:54 | Build | House |
| 3:00 | Build | House |
| 3:12 | Build | House |
| 3:12 | Create | Villager (Male) |
| 3:13 | Create | Villager (Male) |
| 3:41 | Create | Villager (Male) |
| 3:41 | Create | Villager (Male) |
| 3:55 | Create | Villager (Male) |
| 3:55 | Create | Villager (Male) |
| 4:30 | Create | Villager (Male) |
| 4:30 | Create | Villager (Male) |
| 4:48 | Build | Lumber Camp |
| 4:57 | Create | Villager (Male) |
| 4:57 | Create | Villager (Male) |
| 5:28 | Create | Villager (Male) |
| 5:29 | Create | Villager (Male) |
Build order — James
35 actions detected in the replay
| 0:02 | Build | House |
| 0:03 | Build | House |
| 0:04 | Create | Villager (Male) |
| 0:04 | Create | Villager (Male) |
| 0:04 | Create | Villager (Male) |
| 0:05 | Create | Villager (Male) |
| 0:05 | Create | Villager (Male) |
| 1:28 | Create | Villager (Male) |
| 1:28 | Create | Villager (Male) |
| 1:55 | Build | Lumber Camp |
| 1:59 | Create | Villager (Male) |
| 1:59 | Create | Villager (Male) |
| 2:35 | Create | Villager (Male) |
| 3:04 | Create | Villager (Male) |
| 3:04 | Create | Villager (Male) |
| 3:04 | Create | Villager (Male) |
| 3:34 | Build | House |
| 3:37 | Build | House |
| 4:03 | Create | Villager (Male) |
| 4:04 | Create | Villager (Male) |
| 4:32 | Create | Villager (Male) |
| 4:32 | Create | Villager (Male) |
| 5:06 | Build | Mill |
| 5:13 | Create | Villager (Male) |
| 5:13 | Create | Villager (Male) |
| 5:13 | Create | Villager (Male) |
| 5:13 | Create | Villager (Male) |
| 5:13 | Create | Villager (Male) |
| 5:38 | Build | House |
| 5:39 | Build | House |
| 6:30 | Create | Villager (Male) |
| 6:31 | Create | Villager (Male) |
| 6:32 | Create | Villager (Male) |
| 6:48 | Build | House |
| 7:28 | Create | Villager (Male) |
Build order — donsimon93
33 actions detected in the replay
| 0:01 | Create | Villager (Male) |
| 0:02 | Create | Villager (Male) |
| 0:02 | Create | Villager (Male) |
| 0:02 | Create | Villager (Male) |
| 0:02 | Create | Villager (Male) |
| 0:06 | Build | House |
| 0:23 | Research | Loom |
| 0:52 | Create | Villager (Male) |
| 0:52 | Create | Villager (Male) |
| 1:50 | Build | House |
| 1:57 | Build | Palisade Gate |
| 2:00 | Build | House |
| 2:05 | Create | Villager (Male) |
| 2:06 | Create | Villager (Male) |
| 2:32 | Create | Villager (Male) |
| 2:32 | Create | Villager (Male) |
| 2:59 | Create | Villager (Male) |
| 3:23 | Build | Lumber Camp |
| 3:25 | Create | Villager (Male) |
| 3:25 | Create | Villager (Male) |
| 3:39 | Create | Villager (Male) |
| 4:05 | Create | Villager (Male) |
| 4:28 | Create | Villager (Male) |
| 5:01 | Build | House |
| 5:12 | Create | Villager (Male) |
| 5:14 | Create | Villager (Male) |
| 5:31 | Build | Mill |
| 5:41 | Create | Villager (Male) |
| 5:49 | Create | Villager (Male) |
| 6:04 | Create | Villager (Male) |
| 6:47 | Create | Villager (Male) |
| 7:13 | Create | Villager (Male) |
| 7:14 | Create | Villager (Male) |
Match timeline
| 0:55 | JebusLorenzo · wall_segment Palisade Wall x1 |
| 0:56 | JebusLorenzo · wall_segment Palisade Wall x1 |
| 0:59 | JebusLorenzo · wall_segment Palisade Wall x1 |
| 3:35 | Lord Bendtner · wall_segment Palisade Wall x7 |
| 7:12 | Lord Bendtner · wall_segment Palisade Wall x10 |
| 7:14 | Lord Bendtner · wall_segment Palisade Wall x7 |
| 7:32 | JebusLorenzo · resign |
[ AI ANALYSIS · 1 CREDIT ]
What really happened in this match?
Wolo.gg analyzes every decision: build order, eco, micro, common mistakes by bracket. Personalized analysis on WhatsApp or Discord in 30 seconds.
Civ guide
Dravidians
Map guide
Black Forest
Perfil
Lord Bendtner